 Dungeon Crawl Stone Soup version 0.27-a0-1119-gbf574a6a6b (webtiles) character file.

Game seed: 3114079759997638485

328 Zeld the Skirmisher (level 6, -1/44 HPs)
             Began as an Octopode Fighter on May 2, 2021.
             Was an Initiate of Okawaru.
             Succumbed to a water moccasin's poison
             ... on level 5 of the Dungeon.
             The game lasted 00:02:57 (4522 turns).

Zeld the Skirmisher (Octopode Fighter)              Turns: 4522, Time: 00:02:57

Health: -1/44      AC:  1    Str: 17    XL:     6   Next: 50%
Magic:  6/6        EV: 11    Int: 11    God:    Okawaru [......]
Gold:   179        SH:  9    Dex: 11    Spells: 5/5 levels left

rFire    . . .     SeeInvis .   a - +0 war axe
rCold    . . .     Faith    .   b - +0 kite shield
rNeg     . . .     Spirit   .   (helmet restricted)
rPois    .         Reflect  .   (no amulet)
rElec    .         Harm     .   h - ring of willpower
rCorr    .         Rampage  .   (no ring)
Will     +....                  (no ring)
Stlth    ++........             (no ring)
HPRegen  0.14/turn              (no ring)
MPRegen  0.10/turn              (no ring)
                                (no ring)
                                (no ring)

@: mighty, lethally poisoned (-1 -> -16)
A: almost no armour, amphibious, 8 rings, camouflage 1, gelatinous body 1,
(nimble swimmer 1), tentacles
a: Renounce Religion


You were on level 5 of the Dungeon.
You worshipped Okawaru.
Okawaru was noncommittal.
You visited 2 branches of the dungeon, and saw 6 of its levels.

You collected 179 gold pieces.

Inventory:

Hand Weapons
 a - a +0 war axe (weapon)
 g - a +0 war axe
Armour
 b - a +0 kite shield (worn)
Jewellery
 h - a ring of willpower (left tentacle)
Scrolls
 d - a scroll of enchant weapon {unknown}
 e - 6 scrolls of identify {unknown}
 i - a scroll of holy word {unknown}
 j - 2 scrolls of teleportation {unknown}
 l - a scroll of summoning {unknown}
Potions
 c - a potion of might
 f - a potion of flight


   Skills:
 * Level 4.7 Fighting
 * Level 4.1 Axes
 - Level 3.0 Dodging
 * Level 4.7 Shields


You had 5 spell levels left.
You didn't know any spells.
Your spell library contained the following spells:

 Spells                   Type           Power      Damage    Failure   Level
 Corona                   Hex            0%         N/A       80%         1
 Ensorcelled Hibernation  Hex/Ice        0%         N/A       90%         2
 Confusing Touch          Hex            0%         N/A       99%         3
 Dazzling Flash           Conj/Hex       0%         N/A       99%         3
 Tukima's Dance           Hex            0%         N/A       99%         3


Dungeon Overview and Level Annotations

Branches:
Dungeon (5/15)             Temple (1/1) D:5

Altars:
Ashenzari
Cheibriados
Dithmenos
Elyvilon
Gozag
Hepliaklqana
Kikubaaqudgha
Nemelex Xobeh
Okawaru
Qazlal
Sif Muna
Trog
Uskayaw
Vehumet
Xom
Yredelemnul
Zin

Shops:
D:3 :


Innate Abilities, Weirdness & Mutations

You cannot wear most types of armour.
You are amphibious.
You can wear up to eight rings at the same time.
Your skin changes colour to match your surroundings (Stealth+).
Your rubbery body absorbs attacks. (AC +1, EV +1)
((You are camouflaged near water. (Stealth+)))
You have tentacles for arms and can constrict up to eight enemies at once.


Message History

A water moccasin is nearby!
A water moccasin is nearby!
You miss the water moccasin. Your grab misses the water moccasin.
The water moccasin closely misses you. The water moccasin bites you.
You are poisoned.
The water moccasin poisons you!
You barely miss the water moccasin. Your grab misses the water moccasin.
You squeeze the water moccasin!
The water moccasin is moderately wounded.
You feel very sick. You block the water moccasin's attack.
The water moccasin closely misses you.
You miss the water moccasin. Your grab misses the water moccasin.
The water moccasin is moderately wounded.
You feel very sick. You block the water moccasin's attack.
The water moccasin bites you!
You are too injured to fight recklessly!
You are too injured to fight recklessly!
You are too injured to fight recklessly!
You are too injured to fight recklessly!
Okay, then.
Okay, then.
You feel sick.
You feel sick. The water moccasin barely misses you.
You feel sick.
You feel sick.
You feel sick. The water moccasin barely misses you.
You feel sick.
You feel sick.
You are no longer poisoned.
You block the water moccasin's attack.
You feel very mighty all of a sudden. You block the water moccasin's attack.
You barely miss the water moccasin. Your grab misses the water moccasin.
Your squeeze misses the water moccasin.
The water moccasin is moderately wounded.
The water moccasin bites you!
* * * LOW HITPOINT WARNING * * *
You are lethally poisoned!
The water moccasin poisons you! The water moccasin barely misses you.
You die...

........[#####.##.#
###.#.##.##.......##
#.#..........###.##
#.####.##...#####.######
#.####.......##.##.....#
#................#..##.####.#.
#####...#..#..>...#.......|...
#...#.###...S....#.######
#.....###.@####..#.#
#.....##..### ##...#
#....##..#...##..###
#######>..#............#
#...............#.#.##.#
....<.............#......
#...............#...#..###
#######........##...#..#
#...#...#........#


You could see a water moccasin.

Vanquished Creatures
  A water moccasin skeleton (D:4)
  A centaur zombie (D:3)
  2 hounds (D:3)
  Jessica (D:3)
  A hound skeleton (D:4)
  A gnoll (D:3)
  7 adders
  2 worms
  4 dart slugs
  5 orcs
  4 ball pythons
  3 endoplasms
  7 goblins
  2 hobgoblins (D:3)
  3 jackals (D:3)
  4 quokkas
  7 bats
  7 kobolds
  2 rats
64 creatures vanquished.

Notes
Turn   | Place    | Note
-------+----------+-------------------------------------------
     0 | D:1      | Zeld the Octopode Fighter began the quest for the Orb.
     0 | D:1      | Reached XP level 1. HP: 16/16 MP: 1/1
   580 | D:1      | Reached XP level 2. HP: 20/21 MP: 2/2
  1436 | D:2      | Found a sparkling altar of Nemelex Xobeh.
  1612 | D:3      | Noticed Jessica
  1614 | D:3      | Killed Jessica
  1615 | D:3      | Reached XP level 3. HP: 26/26 MP: 3/3
  1638 | D:3      | Reached XP level 4. HP: 26/33 MP: 4/4
  1643 | D:3      | Reached XP level 5. HP: 22/37 MP: 5/5
  2786 | D:3      | Found a faded altar of an unknown god.
  3348 | D:3      | Found Veabbiu's Book Boutique.
  3445 | D:3      | Found a shimmering altar of Xom.
  3445 | D:3      | Found a shimmering blue altar of Sif Muna.
  3600 | D:4      | Reached XP level 6. HP: 42/44 MP: 6/6
  4234 | D:5      | Entered Level 5 of the Dungeon
  4240 | D:5      | Noticed a water moccasin
  4246 | D:5      | Found a staircase to the Ecumenical Temple.
  4251 | Temple   | Entered the Ecumenical Temple
  4279 | Temple   | Became a worshipper of Warmaster Okawaru
  4407 | D:5      | Found Dirubroi's Armour Emporium.
  4522 | D:5      | Succumbed to a water moccasin's poison

Illustrated notes

Levels and vault maps discovered:
D:1:      elethiomel_arrival_infinity_welcomes_careful_drivers, layout_basic
D:2:      layout_rooms, basic_altar
D:3:      minmay_door_path, layout_basic, gammafunk_temple_overflow_elements,
          serial_shops, shop, hellmonk_ecumenical_altar_crossroads,
          cheibrodos_gnoll_hut, uniq_jessica
D:4:      layout_cave_pools
D:5:      layout_loops_cross, lemuel_coloured_pillars_altar,
          minmay_temple_entry_wispy, serial_shops, nicolae_shop_statue_plus,
          uniq_crazy_yiuf_cottage
Temple:   regret_index_temple_waves

Skill      XL: |  1  2  3  4  5  6 |
---------------+-------------------+-----
Axes           | 3 4 |  4.1
Fighting       | 4 |  4.7
Shields        | 4 |  4.7
Dodging        | |  3.0

Action                   |  1- 3 |  4- 6 || total
-------------------------+-------+-------++-------
Melee: War axe           |    38 |    85 ||   123
       Constrict         |    12 |    20 ||    32
       Tentacles         |     5 |    12 ||    17
  Use: Potion            |       |     7 ||     7
 Stab: Sleeping          |     5 |     6 ||    11
Armor: Skin              |     2 |     6 ||     8
Dodge: Dodged            |    29 |    54 ||    83
Block: Kite shield       |    13 |    48 ||    61

Table legend: (Time is in decaauts)
 A = Elapsed time spent in this place.
 B = Non-inter-level travel time spent in this place.
 C = Inter-level travel time spent in this place.
 D = Time resting spent in this place.
 E = Time spent auto-exploring this place.
 F = Levels seen in this place.
 G = Mean time per level.
                   A        B        C        D        E       F      G
               +--------+--------+--------+--------+--------+-----+--------+
         Total |   4590 |   4503 |     87 |    908 |   3112 |   6 |  765.0 |
       Dungeon |   4449 |   4378 |     71 |    908 |   2992 |   5 |  889.8 |
        Temple |    140 |    124 |     16 |      0 |    120 |   1 |  140.0 |
               +--------+--------+--------+--------+--------+-----+--------+

Top non-repeatable levels by time:
     D:3: 1696 daAuts
     D:1: 1214 daAuts
     D:4: 750 daAuts
     D:2: 639 daAuts
     D:5: 149 daAuts
  Temple: 140 daAuts
